 Dungeon Crawl Stone Soup version 0.29.0-4-gdea44cf6ec (webtiles) character file.

Game seed: 6865731110847205229

163 qw the Sneak (level 5, 0/32 HPs)
             Began as a Gargoyle Delver on Sept 10, 2022.
             Slain by Blork the orc
             ... wielding a +0 vorpal war axe
              (2 damage)
             ... on level 4 of the Dungeon.
             The game lasted 00:00:09 (594 turns).

qw the Sneak (Gargoyle Delver)                       Turns: 594, Time: 00:00:09

Health: 0/32       AC:  7    Str: 18    XL:     5   Next: 44%
Magic:  5/5        EV: 11    Int: 10    God:
Gold:   15         SH:  0    Dex: 11    Spells: 4/4 levels left

rFire   . . .      SeeInvis .   a - +0 hand axe
rCold   . . .      Faith    .   (no shield)
rNeg    + . .      Spirit   .   b - +0 leather armour
rPois   inf        Reflect  .   (no helmet)
rElec   +          Harm     .   (no cloak)
rCorr   .          Rampage  .   (no gloves)
Will    .....                   (no boots)
Stlth   +++.......              (no amulet)
HPRegen 0.10/turn               (no ring)
MPRegen 0.09/turn               (no ring)

@: no status effects
A: sickness immunity, AC +4, negative energy resistance 1, electricity
resistance, torment resistance 1, petrification resistance
a: no special abilities


You were on level 4 of the Dungeon.
You visited 1 branch of the dungeon, and saw 2 of its levels.

You collected 15 gold pieces.


Innate Abilities, Weirdness & Mutations

You are immune to sickness and miasma.
Your stone body is resilient. (AC +4)
You are immune to poison.
You resist negative energy. (rN+)
You are resistant to electric shocks. (rElec)
You are resistant to unholy torment.
You are immune to petrification.


   Skills:
 + Level 3.3 Fighting
 - Level 5.0 Axes
 - Level 1.5 Dodging
 - Level 5.4 Stealth


You had 4 spell levels left.
You didn't know any spells.
Your spell library was empty.

Inventory:

Hand Weapons
 a - a +0 hand axe (weapon)
 c - a +0 whip
Armour
 b - a +0 leather armour (worn)
Wands
 g - a wand of digging (3)
Potions
 f - a potion of haste

Dungeon Overview and Level Annotations

Branches:
Dungeon (5/15)
 Temple: D:4-7

Altars:

Annotations:
D:4 Blork the orc


Message History

Enter note:
539 ||| DROPPING ring of wizardry.
You drop a ring of wizardry.
540 ||| DROPPING scroll of fog.
You drop a scroll of fog.
541 ||| DROPPING scroll of magic mapping.
You drop a scroll of magic mapping.
542 ||| DROPPING scroll of fear.
You drop a scroll of fear.
(D) Dungeon
Where to? (* - list waypoints, ? - help)
What level of the Dungeon? (default 1, ? - help)
There is a stone staircase leading up here.
You climb upwards.
Found a whip.
There is a stone staircase leading down here.
A ball python is nearby!
Existing waypoints: (2) D:5 Assign waypoint to what number? (0-9, D - delete waypoint) Waypoint 1 assigned to D:4.
You closely miss the ball python.
The ball python bites you but does no damage.
The ball python closely misses you.
You slash the ball python!
You kill the ball python!
c - a +0 whip Blork the orc comes into view.
He is wielding a +0 vorpal war axe.
Blork the orc shouts!
Enter note: Blork the orc hits you with a +0 vorpal war axe.
You barely miss Blork the orc.
Blork the orc hits you with a +0 vorpal war axe!
You hit Blork the orc.
Blork the orc is lightly wounded.
Blork the orc hits you with a +0 vorpal war axe.
You completely miss Blork the orc.
Blork the orc is lightly wounded.
Blork the orc hits you with a +0 vorpal war axe.
You hit Blork the orc.
Blork the orc is lightly wounded.
Blork the orc hits you with a +0 vorpal war axe!
You die...

#.#.... #...# #...##
####.#..## #
###....##..## ..
#...######..# #
#.##.### ##.###.##
#......#######.#....#
####.#.........@o...#
####..#########.#....#
..##.## #.######
.....#### #..
.>......# ##.
.....##..... . .....#
#### .. .....# ######


You could see Blork the orc.

Vanquished Creatures
  A black bear (D:5)
  A necrophage (D:5)
  An adder (D:5)
  An ufetubus (D:5)
  A ball python (D:4)
5 creatures vanquished.

Notes
Turn   | Place    | Note
-------+----------+-------------------------------------------
     0 | D:5      | qw the Gargoyle Delver began the quest for the Orb.
     0 | D:5      | Reached XP level 1. HP: 14/14 MP: 1/1
     0 | D:5      | 0 ||| qw: Version: 0.1-a-117-gfe26ee0
     0 | D:5      | 0 ||| qw: Game counter: 9788
     0 | D:5      | 0 ||| qw: Always use a shield: true
     0 | D:5      | 0 ||| qw: God list: Okawaru
     0 | D:5      | 0 ||| qw: Allow faded altars: false
     0 | D:5      | 0 ||| qw: Do Orc after D:15 true
     0 | D:5      | 0 ||| qw: Do second Lair branch before Depths: true
     0 | D:5      | 0 ||| qw: Lair rune preference: random
     0 | D:5      | 0 ||| qw: Plans: Normal
     0 | D:5      | 0 ||| PLANNING D:1-11
    47 | D:5      | Reached XP level 2. HP: 12/19 MP: 2/2
   178 | D:5      | Noticed a necrophage
   179 | D:5      | 179 ||| Stepping ~*~*~tactically~*~*~ (stealth).
   181 | D:5      | 181 ||| Stepping ~*~*~tactically~*~*~ (stealth).
   194 | D:5      | Killed a necrophage
   195 | D:5      | Reached XP level 3. HP: 17/23 MP: 3/3
   195 | D:5      | Reached XP level 4. HP: 20/28 MP: 4/4
   314 | D:5      | Noticed a black bear
   333 | D:5      | Killed a black bear
   334 | D:5      | Reached XP level 5. HP: 13/32 MP: 5/5
   539 | D:5      | 539 ||| DROPPING ring of wizardry.
   540 | D:5      | 540 ||| DROPPING scroll of fog.
   541 | D:5      | 541 ||| DROPPING scroll of magic mapping.
   542 | D:5      | 542 ||| DROPPING scroll of fear.
   589 | D:4      | Noticed Blork the orc
   594 | D:4      | HP: 2/32 [Blork the orc/+0 vorpal war axe (7)]
   594 | D:4      | Slain by Blork the orc

Levels and vault maps discovered:
D:4:      layout_rooms, uniq_blork_the_orc
D:5:      minmay_evil_eye, layout_loops_corners, minmay_temple_entry_fiery

Skill      XL: |  1  2  3  4 |
---------------+-------------+-----
Axes           | 2 4 5 |  5.0
Fighting       | |  3.3
Dodging        | |  1.5
Stealth        | |  5.4

Action                   |  1- 3 |  4- 6 || total
-------------------------+-------+-------++-------
Melee: Hand axe          |    20 |    22 ||    42
       Punch             |     1 |     1 ||     2
Armor: Leather armour    |    11 |    15 ||    26
Dodge: Dodged            |     9 |    27 ||    36

Table legend:
 A = Non-vault XP
 B = Vault XP
 C = Vault XP percentage of total XP
 D = Non-vault monster count
 E = Vault monster count
 F = Vault count percentage of total count
                 A         B        C        D         E       F
            +---------+---------+-------+---------+---------+-------
      Total |     233 |       0 |   0.0 |       5 |       0 |   0.0
            +---------+---------+-------+---------+---------+-------
        D:4 |       2 |       0 |   0.0 |       1 |       0 |   0.0
        D:5 |     231 |       0 |   0.0 |       4 |       0 |   0.0
            +---------+---------+-------+---------+---------+-------
